 Dungeon Crawl Stone Soup version 0.27-a0-328-g7f782ed93a (webtiles) character file.

Game seed: 1011743063975343772

65148 hehateme the Devastator (level 15, -5/93 HPs)
             Began as a Kobold Earth Elementalist on Feb 11, 2021.
             Was a High Priest of Yredelemnul.
             Splashed by a brown ugly thing's acid (11 damage)
             ... on level 13 of the Dungeon.
             The game lasted 01:36:45 (37991 turns).

hehateme the Devastator (KoEE)                     Turns: 37991, Time: 01:36:46

Health: -5/93      AC: 10    Str: 14    XL:     15   Next: 57%
Magic:  5/29       EV: 19    Int: 18    God:    Yredelemnul [*****.]
Gold:   1717       SH:  0    Dex: 17    Spells: 21/34 levels left

rFire    + + .     SeeInvis .   I - +9 dagger of Broken Luck {vorpal, +Rage Str+3 Dex+2}
rCold    . . .     Faith    .   (shield restricted)
rNeg     . . .     Spirit   .   s - +0 leather armour "Moecvywi" {rF++ Regen+}
rPois    +         Reflect  .   X - +2 helmet
rElec    .         Harm     .   (no cloak)
rCorr    .         Rampage  .   Y - +2 pair of gloves
Will     +....                  j - +0 pair of boots
Stlth    +++.......             e - amulet of regeneration
HPRegen  1.05/turn              P - ring of poison resistance
MPRegen  0.21/turn              K - +4 ring of protection

@: corroded
A: small, nightstalker 3
a: Renounce Religion, Evoke Berserk Rage, Recall Undead Slaves, Injury Mirror,
Animate Dead, Drain Life, Enslave Soul


You were on level 13 of the Dungeon.
You worshipped Yredelemnul.
Yredelemnul was extremely pleased with you.
You visited 3 branches of the dungeon, and saw 21 of its levels.
You also visited: Ossuary.

You collected 1717 gold pieces.

Inventory:

Hand Weapons
 I - the +9 dagger of Broken Luck (weapon) {vorpal, +Rage Str+3 Dex+2}
   (You found it on level 5 of the Dungeon)

   It inflicts extra damage upon your enemies.
   It affects your strength (+3).
   It affects your dexterity (+2).
   It lets you go berserk.
Missiles
 m - 10 boomerangs
 n - 75 poisoned darts
 u - 5 atropa-tipped darts
 E - 114 bolts
 Q - 386 stones
Armour
 j - a +0 pair of boots (worn)
 s - the +0 leather armour "Moecvywi" (worn) {rF++ Regen+}
   (You found it on level 6 of the Lair of Beasts)

   It greatly protects you from fire.
   It increases your rate of regeneration.
 V - +0 steam dragon scales
 X - a +2 helmet (worn)
 Y - a +2 pair of gloves (worn)
Jewellery
 e - an amulet of regeneration (around neck)
 o - an amulet of the acrobat
 G - a ring of ice {rC+, rF-}
 K - a +4 ring of protection (right hand)
 M - a +6 ring of dexterity
 N - a ring of positive energy {rN+}
 P - a ring of poison resistance (left hand)
 W - a +6 ring of dexterity
Wands
 b - a wand of paralysis (34)
 c - a wand of charming (16)
 d - a wand of iceblast (9)
 f - a wand of flame (40)
 D - a wand of digging (5)
 H - a wand of acid (12)
 S - a wand of mindburst (9)
Scrolls
 a - a scroll of holy word {unknown}
 g - 3 scrolls of enchant weapon
 i - 3 scrolls of identify
 k - 2 scrolls of fog
 q - a scroll of immolation {unknown}
 r - a scroll of silence {unknown}
 t - 3 scrolls of teleportation
 y - 3 scrolls of amnesia
 F - a scroll of magic mapping {unknown}
 R - a scroll of enchant armour
 T - 3 scrolls of noise {unknown}
 U - 2 scrolls of blinking {unknown}
Potions
 h - 3 potions of invisibility
 l - 5 potions of brilliance
 p - 5 potions of degeneration {!q}
 v - 3 potions of attraction {!q}
 x - 4 potions of flight
 z - 2 potions of heal wounds
 A - 3 potions of lignification {!q}
 B - 3 potions of mutation {!q}
 C - 4 potions of haste
 J - 8 potions of curing
 L - 2 potions of ambrosia
 O - 2 potions of might
Miscellaneous
 w - a tin of tremorstones (2/2)
 Z - a condenser vane


   Skills:
 - Level 10.5 Fighting
 - Level 7.4 Dodging
 - Level 2.6 Stealth
 - Level 10.0 Spellcasting
 * Level 16.6 Conjurations
 - Level 1.0 Transmutations
 - Level 8.5 Earth Magic
 - Level 6.5 Poison Magic
 - Level 8.4 Invocations
 - Level 4.2 Evocations


You had 21 spell levels left.
You knew the following spells:

 Your Spells              Type           Power        Failure   Level
a - Sandblast             Erth           78%          1%          1
b - Olgreb's Toxic Radia  Pois           32%          7%          4
f - Fireball              Conj/Fire      19%          9%          5
x - Stone Arrow           Conj/Erth      100%         1%          3

Your spell library contained the following spells:

 Spells                   Type           Power        Failure   Level
 Mephitic Cloud           Conj/Pois/Air  36%          1%          3
 Sting                    Tmut/Pois      88%          2%          1
 Passwall                 Tmut/Erth      21%          2%          2
 Poisonous Vapours        Pois/Air       40%          4%          2
 Lee's Rapid Deconstruct  Erth           19%          9%          5
 Ignite Poison            Fire/Tmut/Pois 18%          11%         3
 Petrify                  Tmut/Erth      26%          14%         4
 Confusing Touch          Hex            9%           30%         3
 Gell's Gravitas          Tloc           4%           30%         3
 Borgnjor's Vile Clutch   Necr/Erth      12%          43%         5
 Starburst                Conj/Fire      19%          45%         6
 Animate Dead             Necr           4%           69%         4
 Yara's Violent Unravell  Hex/Tmut       5%           92%         5
 Metabolic Englaciation   Hex/Ice        4%           95%         5
 Eringya's Noxious Bog    Tmut/Pois      11%          97%         6
 Death Channel            Necr           4%           100%        6
 Simulacrum               Ice/Necr       4%           100%        6
 Ignition                 Fire           4%           100%        8


Dungeon Overview and Level Annotations

Branches:
Dungeon (14/15)            Temple (1/1) D:7            Lair (6/6) D:8
 Shoals (0/4) Lair:3        Snake (0/4) Lair:3        Slime (0/5) Lair:5
    Orc (0/2) D:12        Ossuary (visited)
 Vaults: D:13-14

Altars:
Ashenzari
Cheibriados
Dithmenos
Elyvilon
Fedhas
Gozag
Hepliaklqana
Kikubaaqudgha
Makhleb
Nemelex Xobeh
Okawaru
Qazlal
Ru
Sif Muna
Trog
Uskayaw
Vehumet
Wu Jian
Xom
Yredelemnul
Zin
The Shining One
Jiyva

Shops:
D:5 :[(   D:9 (   D:12 (

Annotations:
D:4 exclusions: orc, orc priest and orc wizard
D:5 exclusion: centaur
D:6 1 runed translucent door, exclusions: adder and water moccasin, Crazy Yiuf
D:10 exclusion: obsidian statue
D:11 3 runed translucent doors, exclusions: 2 boulder beetles and ugly thing
D:12 Erolcha
D:13 exclusion: Kirke
Lair:1 exclusion: oklob plant
Lair:2 exclusion: dream sheep
Lair:3 exclusion: naga


Innate Abilities, Weirdness & Mutations

You are small and have problems with some larger weapons.
You are completely attuned to the shadows.


Message History

Sonja misses the brown ugly thing.
You take 15 damage, and have 15/93 hp.
You now have 9/29 mp.
Aim: a brown ugly thing (moderately wounded, 22% to evade)
The stone arrow hits the brown ugly thing!
* * * LOW MAGIC WARNING * * *
The brown ugly thing kicks you but does no damage.
Sonja hits the brown ugly thing but does no damage.
Space bends around the brown ugly thing.
You now have 6/29 mp.
Aim: a brown ugly thing (heavily wounded, 22% to evade)
The stone arrow misses the brown ugly thing.
* * * LOW MAGIC WARNING * * *
Sonja hits the brown ugly thing but does no damage.
Space warps horribly around the brown ugly thing!
The brown ugly thing kicks you but does no damage.
The brown ugly thing punches Sonja!
Sonja is splashed with acid.
The acid corrodes Sonja!
Sonja is destroyed!
You now have 4/29 mp.
Okay, then.
Unknown command.
Okay, then.
Unknown command.
As you read the scroll of teleportation, it crumbles to dust.
You feel strangely unstable.
The brown ugly thing kicks you but does no damage.
The brown ugly thing punches your kobold brigand zombie!
Your kobold brigand zombie is destroyed!
The brown ugly thing kicks you.
* * * LOW HITPOINT WARNING * * *
You are splashed with acid!
* * * LOW HITPOINT WARNING * * *
You take 8 damage, and have 10/93 hp.
Your surroundings seem slightly different.
The brown ugly thing kicks you.
* * * LOW HITPOINT WARNING * * *
The acid corrodes you!
You are splashed with acid!
You die...
Your body rises from the dead as a mindless zombie.

#.......#...#.....
####...........'.....
#..............#(....
#...........ZZ.#ZZ.(.
#.......##.....#.Z...
#.......##.......####
#..ยง.#'###.......# #
#....#'###.......# #
####@uu.).......#####
#....).)>.....ZZZZ
#.......#.........
#.......#.........
#.......#.........
#.......##.....#..
#.......##.#.###Z#
#.......##.#ZZZ..#
###....Z..##'#######

Skill      XL: |  1  2  3  4  5  6  7  8  9 10 11 12 13 14 15 |
---------------+----------------------------------------------+-----
Fighting       | 1 2 3 5 6 7 9 10 | 10.5
Earth Magic    | 4 5 6 8 |  8.5
Spellcasting   | 3 4 5 6 7 8 9 10 | 10.0
Conjurations   | 1 3 4 6 11 14 16 | 16.6
Poison Magic   | 2 4 6 |  6.5
Dodging        | 3 4 6 7 |  7.4
Evocations     | 3 4 |  4.2
Invocations    | 5 7 8 |  8.4
Stealth        | |  2.6
Transmutations | |  1.0

Notes
Turn   | Place    | Note
-------+----------+-------------------------------------------
     0 | D:1      | hehateme the Kobold Earth Elementalist began the quest for
                  | the Orb.
     0 | D:1      | Reached XP level 1. HP: 10/10 MP: 3/3
   268 | D:1      | Reached XP level 2. HP: 13/16 MP: 0/5
   608 | D:1      | Reached skill level 1 in Fighting
   608 | D:1      | Reached XP level 3. HP: 20/20 MP: 2/6
  1191 | D:2      | Noticed Terence
  1197 | D:2      | Killed Terence
  1198 | D:2      | Reached skill level 4 in Earth Magic
  1198 | D:2      | Reached XP level 4. HP: 19/26 MP: 0/8
  1493 | D:2      | You fall into a shaft and drop 1 floor!
  1739 | D:2      | Learned a level 3 spell: Stone Arrow
  2538 | D:3      | Reached skill level 3 in Spellcasting
  2539 | D:3      | Reached skill level 2 in Fighting
  2831 | D:3      | Reached XP level 5. HP: 30/30 MP: 7/9
  2850 | D:3      | Found an ancient bone altar of Kikubaaqudgha.
  2850 | D:3      | Found a shimmering altar of Xom.
  2852 | D:3      | Found a burning altar of Makhleb.
  2855 | D:3      | Found an ornate altar of the Wu Jian Council.
  2855 | D:3      | Found a hazy altar of Hepliaklqana.
  2859 | D:3      | Found an ancient bone altar of Kikubaaqudgha.
  3152 | D:4      | Noticed an air elemental
  3154 | D:4      | Found a stormy altar of Qazlal.
  3154 | D:4      | Noticed a fire elemental
  3164 | D:4      | Noticed a water elemental
  3202 | D:4      | Noticed an ogre
  3205 | D:4      | Killed an ogre
  3206 | D:4      | Reached skill level 1 in Conjurations
  3206 | D:4      | Reached XP level 6. HP: 36/36 MP: 6/10
  3326 | D:4      | Reached skill level 2 in Conjurations
  3699 | D:4      | Found a sand-covered staircase.
  3705 | Ossuary  | Entered an ossuary
  3714 | Ossuary  | HP: 6/36 [mummy (8)]
  3723 | Ossuary  | Reached skill level 3 in Fighting
  4355 | D:5      | Entered Level 5 of the Dungeon
  4421 | D:5      | Reached skill level 3 in Conjurations
  4421 | D:5      | Reached XP level 7. HP: 37/41 MP: 12/12
  4523 | D:5      | Reached skill level 1 in Poison Magic
  4727 | D:5      | Found Uheazxux's Antique Armour Shoppe.
  4741 | D:5      | Found Nirieck's Book Boutique.
  4819 | D:5      | Reached skill level 4 in Spellcasting
  4991 | D:5      | Reached skill level 3 in Dodging
  5215 | D:5      | Found Pyrchylio's Antique Weapon Shop.
  5308 | D:5      | Got a translucent dagger
  5309 | D:5      | Identified the +9 dagger of Broken Luck {vorpal, +Rage
                  | Str+3 Dex+2} (You found it on level 5 of the Dungeon)
  5410 | D:6      | Reached skill level 2 in Poison Magic
  5484 | D:6      | Found a shadowy altar of Dithmenos.
  5489 | D:6      | Got a blackened whip
  5509 | D:6      | Reached XP level 8. HP: 48/48 MP: 4/14
  5513 | D:6      | Reached skill level 4 in Fighting
  5616 | D:6      | Reached skill level 3 in Poison Magic
  5678 | D:6      | Noticed Pikel
  5796 | D:5      | Killed Pikel
  5797 | D:5      | Reached skill level 4 in Dodging
  5797 | D:5      | Reached skill level 4 in Poison Magic
  5929 | D:6      | Reached skill level 5 in Spellcasting
  6147 | D:6      | Reached skill level 5 in Fighting
  6147 | D:6      | Reached XP level 9. HP: 21/54 MP: 11/16
  6153 | D:6      | HP: 12/54 [gnoll/+0 flail (4)]
  6271 | D:6      | Reached skill level 5 in Poison Magic
  6284 | D:6      | Learned a level 4 spell: Olgreb's Toxic Radiance
  6416 | D:6      | Reached skill level 5 in Dodging
  6979 | D:6      | Found a runed translucent door.
  6982 | D:6      | Noticed Crazy Yiuf
  7449 | D:7      | Reached skill level 6 in Poison Magic
  7697 | D:7      | Noticed a troll
  7975 | D:7      | Found a staircase to the Ecumenical Temple.
  8030 | Temple   | Entered the Ecumenical Temple
  8816 | D:7      | Reached skill level 6 in Fighting
  8916 | D:7      | Found a basalt altar of Yredelemnul.
  8928 | D:7      | Found a burning altar of Makhleb.
  8933 | D:7      | Reached skill level 6 in Dodging
  8933 | D:7      | Reached skill level 6 in Spellcasting
  9021 | D:7      | Found an opulent altar of Gozag.
  9022 | D:7      | Found a hide-covered altar of Uskayaw.
  9027 | D:7      | Found a sacrificial altar of Ru.
  9084 | D:7      | Became a worshipper of Yredelemnul the Dark
  9179 | D:7      | Reached skill level 5 in Earth Magic
  9369 | D:7      | Found an ancient bone altar of Kikubaaqudgha.
  9500 | D:7      | Killed a troll
  9501 | D:7      | Reached XP level 10. HP: 42/61 MP: 1/19
  9895 | D:8      | Found a staircase to the Lair.
 10163 | D:8      | Reached skill level 6 in Earth Magic
 10231 | D:8      | Reached * piety under Yredelemnul
 10232 | D:8      | Reached skill level 4 in Conjurations
 10555 | D:8      | Reached skill level 7 in Dodging
 11401 | D:9      | Reached skill level 1 in Evocations
 11428 | D:9      | Reached skill level 7 in Fighting
 11822 | D:9      | Reached skill level 2 in Evocations
 11940 | D:9      | Found Abah's Antique Weapon Emporium.
 12000 | D:8      | Reached skill level 7 in Spellcasting
 12490 | D:9      | Reached skill level 3 in Evocations
 13100 | D:9      | Reached XP level 11. HP: 68/68 MP: 17/21
 13357 | D:9      | Reached skill level 7 in Earth Magic
 13407 | D:9      | Reached ** piety under Yredelemnul
 13560 | D:9      | Reached skill level 4 in Evocations
 13566 | D:9      | Reached skill level 8 in Fighting
 13873 | D:10     | Entered Level 10 of the Dungeon
 14238 | D:10     | Reached skill level 1 in Invocations
 14285 | D:10     | Reached skill level 2 in Invocations
 14300 | D:10     | Killed an unseen horror
 14301 | D:10     | Reached skill level 3 in Invocations
 14465 | D:10     | Reached skill level 8 in Spellcasting
 14785 | D:10     | Noticed an obsidian statue
 14891 | D:10     | Found the ring of Shadows {Umbra +Inv Stlth+}
 14894 | D:10     | Identified the Catalogue of Intoxication and Conjuration
 15031 | D:10     | Noticed a two-headed ogre
 15053 | D:10     | Killed a two-headed ogre
 15054 | D:10     | Reached skill level 4 in Invocations
 15229 | D:10     | Reached skill level 8 in Earth Magic
 15844 | D:10     | Noticed a sixfirhy
 15847 | D:10     | Noticed a sixfirhy
 15971 | D:11     | Noticed a purple ugly thing
 16162 | D:11     | Found a runed translucent gate.
 16163 | D:11     | Found a runed translucent gate.
 16164 | D:11     | Found a runed translucent gate.
 16187 | D:11     | Reached skill level 5 in Invocations
 16392 | D:11     | Noticed a boulder beetle
 16546 | D:11     | Noticed a centaur warrior
 16557 | D:11     | Killed a centaur warrior
 16558 | D:11     | Reached skill level 9 in Fighting
 16558 | D:11     | Reached XP level 12. HP: 43/76 MP: 6/24
 16742 | D:11     | Noticed a boulder beetle
 16805 | D:11     | Found an opulent altar of Gozag.
 17119 | D:11     | Reached skill level 6 in Invocations
 17313 | D:11     | Upgraded the game from 0.27-a0-323-gbd089401bb to
                  | 0.27-a0-328-g7f782ed93a
 17529 | D:12     | Reached *** piety under Yredelemnul
 17663 | D:12     | Noticed Erolcha
 18030 | D:12     | Noticed Jorgrun
 18037 | D:12     | Received a gift from Yredelemnul (a wight)
 18106 | D:12     | Found a staircase to the Orcish Mines.
 18125 | D:12     | Noticed a two-headed ogre
 18166 | D:11     | Killed a two-headed ogre
 18277 | D:11     | Reached skill level 9 in Spellcasting
 18397 | Lair:1   | Entered Level 1 of the Lair of Beasts
 18723 | Lair:1   | Received a gift from Yredelemnul (2 flying skulls)
 18730 | Lair:1   | Reached skill level 5 in Conjurations
 18910 | Lair:1   | Reached skill level 7 in Invocations
 20212 | Lair:2   | Reached **** piety under Yredelemnul
 20218 | Lair:2   | Reached skill level 6 in Conjurations
 20606 | Lair:2   | Reached skill level 10 in Fighting
 20839 | Lair:2   | Received a gift from Yredelemnul (5 flying skulls)
 21127 | Lair:2   | Reached XP level 13. HP: 82/82 MP: 17/26
 21163 | Lair:1   | Reached skill level 7 in Conjurations
 21795 | Lair:2   | Reached skill level 8 in Invocations
 22732 | Lair:3   | Found a hide-covered altar of Uskayaw.
 22744 | Lair:3   | Found a staircase to the Shoals.
 22747 | Lair:3   | Reached skill level 10 in Spellcasting
 22883 | Lair:3   | Found a staircase to the Snake Pit.
 22926 | Lair:3   | Reached skill level 8 in Conjurations
 23378 | Lair:3   | Received a gift from Yredelemnul (a wight)
 23584 | Lair:3   | Reached skill level 9 in Conjurations
 24413 | Lair:4   | Received a gift from Yredelemnul (a wraith)
 24437 | Lair:4   | Noticed a seven-headed hydra
 24694 | Lair:4   | Reached skill level 10 in Conjurations
 24917 | Lair:4   | Noticed a seven-headed hydra
 24921 | Lair:4   | Killed a seven-headed hydra
 25048 | Lair:4   | Killed a seven-headed hydra
 25273 | Lair:4   | Got a faintly glowing trident
 25428 | Lair:4   | Identified the +8 trident of Orulim {holy, rPois Str+3
                  | Int+4} (You found it on level 4 of the Lair of Beasts)
 25986 | Lair:5   | Reached skill level 11 in Conjurations
 26230 | Lair:5   | Found a viscous altar of Jiyva.
 26283 | Lair:5   | Found a staircase to the Slime Pits.
 26379 | Lair:4   | Received a gift from Yredelemnul (2 flying skulls)
 26762 | Lair:5   | Learned a level 5 spell: Fireball
 26926 | Lair:5   | Reached XP level 14. HP: 44/88 MP: 1/28
 27602 | Lair:4   | Reached skill level 12 in Conjurations
 29189 | Lair:6   | Entered Level 6 of the Lair of Beasts
 29203 | Lair:6   | Reached skill level 13 in Conjurations
 29634 | Lair:6   | Received a gift from Yredelemnul (a wight)
 29985 | Lair:6   | Noticed Nessos
 29994 | Lair:6   | Killed Nessos
 30229 | Lair:6   | Received a gift from Yredelemnul (4 flying skulls)
 30240 | Lair:6   | Reached skill level 14 in Conjurations
 31526 | Lair:6   | Received a gift from Yredelemnul (a vampire)
 31793 | Lair:6   | Got a heavily runed leather armour
 31812 | Lair:6   | Identified the +0 leather armour "Moecvywi" {rF++ Regen+}
                  | (You found it on level 6 of the Lair of Beasts)
 31830 | Lair:6   | Reached XP level 15. HP: 93/93 MP: 22/29
 31960 | Lair:6   | Reached skill level 15 in Conjurations
 32364 | Lair:6   | Reached ***** piety under Yredelemnul
 32378 | Lair:6   | Received a gift from Yredelemnul (3 flying skulls)
 33876 | D:12     | Found Buydd's Antique Weapon Boutique.
 33888 | D:12     | Killed Jorgrun
 34214 | D:12     | Noticed Frances
 34222 | D:12     | Killed Frances
 34778 | D:13     | Noticed Kirke
 34787 | D:13     | Received a gift from Yredelemnul (a phantasmal warrior)
 35180 | D:13     | Killed Kirke
 35181 | D:13     | Reached skill level 16 in Conjurations
 35655 | D:13     | Paralysed by an orc for 7 turns
 36259 | D:13     | Noticed Sonja
 36261 | D:13     | Killed Sonja
 36328 | D:13     | Received a gift from Yredelemnul (5 flying skulls)
 37974 | D:14     | HP: 21/93 [white ugly thing (11)]
 37974 | D:14     | HP: 7/93 [white ugly thing (14)]
 37985 | D:13     | HP: 21/93 [brown ugly thing (10)]
 37987 | D:13     | Your ally Sonja died
 37989 | D:13     | HP: 10/93 [acid (7)]
 37991 | D:13     | Splashed by a brown ugly thing's acid

Table legend: (Time is in decaauts)
 A = Elapsed time spent in this place.
 B = Non-inter-level travel time spent in this place.
 C = Inter-level travel time spent in this place.
 D = Time resting spent in this place.
 E = Time spent auto-exploring this place.
 F = Levels seen in this place.
 G = Mean time per level.
                   A        B        C        D        E       F      G
               +--------+--------+--------+--------+--------+-----+--------+
         Total |  39692 |  38106 |   1586 |  11553 |  22069 |  22 | 1804.2 |
       Dungeon |  22978 |  22140 |    838 |   5745 |  13867 |  14 | 1641.3 |
        Temple |    221 |    196 |     25 |      0 |    195 |   1 |  221.0 |
          Lair |  16115 |  15392 |    723 |   5743 |   7769 |   6 | 2685.8 |
       Ossuary |    376 |    376 |      0 |     64 |    237 |   1 |  376.0 |
               +--------+--------+--------+--------+--------+-----+--------+

Top non-repeatable levels by time:
  Lair:6: 3621 daAuts
  Lair:5: 3332 daAuts
    D:13: 3133 daAuts
  Lair:4: 2603 daAuts
  Lair:2: 2517 daAuts
     D:9: 2462 daAuts
  Lair:3: 2461 daAuts
    D:12: 2311 daAuts
    D:10: 2155 daAuts
     D:7: 1906 daAuts
    D:11: 1902 daAuts
     D:8: 1864 daAuts
     D:6: 1708 daAuts
  Lair:1: 1578 daAuts
     D:5: 1433 daAuts

Table legend:
 A = Kills in this place as a percentage of kills in entire the game.
 B = Kills by you in this place as a percentage of kills by you in the entire game.
 C = Kills by friends in this place as a percentage of kills by friends in the entire game.
 D = Other kills in this place as a percentage of other kills in the entire game.
 E = Experience gained in this place as a percentage of experience gained in the entire game.
 F = Experience gained in this place divided by the number of levels of this place that you have seen.
                   A       B       C       D       E      F
               +-------+-------+-------+-------+-------+----------------------
         Total | 100.0 | 100.0 | 100.0 |   N/A | 100.0 | 4230.4
       Dungeon |  58.7 |  63.0 |  27.6 |   N/A |  36.4 | 2418.6
          Lair |  38.0 |  33.2 |  72.4 |   N/A |  63.5 | 9854.5
       Ossuary |   3.3 |   3.8 |   0.0 |   N/A |   0.1 |  82.0
               +-------+-------+-------+-------+-------+----------------------

Action                   |  1- 3 |  4- 6 |  7- 9 | 10-12 | 13-15 || total
-------------------------+-------+-------+-------+-------+-------++-------
Melee: Dagger            |    13 |     9 |    22 |    85 |   123 ||   252
       Spear             |       |       |       |     7 |       ||     7
 Cast: Sandblast         |    36 |    98 |   112 |   219 |    60 ||   525
       Stone Arrow       |       |       |    54 |   154 |   525 ||   733
       Olgreb's Toxic Ra |       |       |     4 |    44 |       ||    48
       Fireball          |       |       |       |       |     5 ||     5
Invok: Animate Remains   |       |       |       |     5 |       ||     5
       Animate Dead      |       |       |       |    10 |   101 ||   111
       Recall Undead Sla |       |       |       |     3 |     9 ||    12
       Injury Mirror     |       |       |       |       |     1 ||     1
       Drain Life        |       |       |       |       |     1 ||     1
       Enslave Soul      |       |       |       |       |     1 ||     1
 Abil: Evoke Berserk Rag |       |       |       |       |     1 ||     1
Evoke: Wand              |       |       |       |     2 |    10 ||    12
  Use: Scroll            |       |     4 |     2 |    10 |    17 ||    33
       Potion            |       |     4 |     4 |       |     2 ||    10
 Stab: Sleeping          |       |       |     1 |       |     2 ||     3
       Distracted        |       |       |       |       |     1 ||     1
Armor: Robe              |     4 |     7 |    18 |     5 |       ||    34
       Steam dragon scal |       |       |       |    65 |   155 ||   220
       Leather armour    |       |       |       |       |    35 ||    35
Dodge: Dodged            |    15 |    18 |   109 |   400 |   548 ||  1090

Vanquished Creatures
  Kirke (D:13)
  Nessos (Lair:6)
  An ice dragon (Lair:5)
  2 hydras
  2 centaur warriors
  4 death yaks
  3 two-headed ogres
  Sonja (D:13)
  An unseen horror (D:10)
  Pikel (D:5)
  2 ugly things
  2 manticores
  2 cyclopes
  15 elephants
  4 black mambas
  A kobold demonologist (D:12)
  2 torpor snails (Lair:2)
  18 cane toads
  A centaur skeleton (D:11)
  2 rime drakes
  7 komodo dragons
  2 trolls
  A polar bear (Lair:2)
  2 tyrant leeches (Lair:6)
  29 blink frogs
  8 slime creatures
  5 dream sheep
  A wyvern (Lair:6)
  2 wraiths
  A shadow (D:13)
  A vampire (D:13)
  35 yaks
  2 basilisks
  4 fire bats (Lair:3)
  A fire elemental (Lair:3)
  3 hogs (D:13)
  A steam dragon (D:8)
  4 vampire mosquitoes (Lair:6)
  A naga (Lair:3)
  12 water moccasins
  An eye of draining (D:13)
  5 black bears
  3 sky beasts
  2 necrophages
  5 orc warriors
  An ice beast (D:9)
  3 ogres
  9 centaurs
  7 wolves
  3 phantoms
  3 kobold brigands
  30 bullfrogs
  A gnoll sergeant (D:8)
  A scorpion (D:8)
  14 killer bees
  16 wights
  4 howler monkeys
  5 electric eels
  2 centaur zombies
  4 bullfrog zombies
  3 jellies
  2 lava snakes (Lair:3)
  3 quasits
  3 orc priests
  4 bullfrog skeletons
  6 hounds
  Terence (D:2)
  4 iguanas
  12 orc wizards
  9 worker ants
  11 hell rats
  A killer bee zombie (D:6)
  6 ogre zombies (D:12)
  2 hound zombies
  3 mummies (Ossuary)
  9 gnolls
  6 adders
  2 howler monkey skeletons
  A shadow imp (D:8)
  3 white imps (Lair:5)
  2 ufetubi
  2 adder zombies (Ossuary)
  5 worms
  3 dart slugs
  3 leopard geckos
  34 orcs
  5 giant cockroaches
  A goblin (D:2)
  6 hobgoblins
  8 jackals
  4 quokkas
  5 bats
  6 frilled lizards
  8 goblin zombies
  A hobgoblin skeleton (D:12)
  5 hobgoblin zombies
  25 kobolds
  2 kobold zombies (Ossuary)
  A leopard gecko skeleton (D:4)
  An orc skeleton (D:12)
  7 orc zombies (D:12)
  5 quokka zombies
  10 rats
  5 rat zombies
552 creatures vanquished.

Vanquished Creatures (collateral kills)
  Jorgrun (D:12)
  Frances (D:12)
  A hydra (Lair:4)
  A death yak (Lair:4)
  An ugly thing (D:13)
  7 elephants
  2 torpor snails
  7 cane toads
  A centaur skeleton (D:14)
  3 komodo dragons
  A wind drake (Lair:3)
  A tyrant leech (Lair:6)
  3 dream sheep (Lair:2)
  5 blink frogs
  A hog (D:13)
  11 yaks
  2 vampire mosquitoes (Lair:6)
  4 water moccasins
  An ogre (D:13)
  A kobold brigand (D:13)
  6 bullfrogs
  A wight (D:13)
  An electric eel (Lair:6)
  A jelly (D:12)
  An orc priest (D:12)
  2 ogre zombies (D:12)
  An orc (D:13)
  3 kobolds (D:13)
  A goblin zombie (D:12)
  An orc skeleton (D:12)
  3 orc zombies (D:12)
  A butterfly (Lair:3)
77 creatures vanquished.

Vanquished Creatures (others)
  5 flying skulls
  3 humans (D:13)
  A wraith (Lair:4)
  A spectral troll (D:14)
  A wight (Lair:2)
  An iguana (D:13)
  A hydra zombie (Lair:6)
  A centaur zombie (D:13)
  A tyrant leech zombie (Lair:6)
  13 blink frog zombies
  A wind drake zombie (Lair:3)
  3 vampire mosquito zombies (Lair:6)
  A black mamba zombie (Lair:2)
  A wyvern zombie (Lair:6)
  A black bear zombie (D:13)
  8 elephant zombies
  A hog zombie (D:13)
  2 komodo dragon zombies (Lair:6)
  A two-headed ogre zombie (D:13)
  5 water moccasin zombies
  16 yak zombies
  6 cane toad zombies (Lair:6)
  A rime drake zombie (Lair:5)
  A cyclops zombie (D:13)
  2 kobolds (D:13)
  A troll zombie (D:9)
  A bullfrog skeleton (Lair:6)
  5 bullfrog zombies
  4 hell rat zombies
  2 hobgoblin zombies (D:12)
  4 kobold zombies
  7 orc zombies
  5 wolf zombies
  89 fungi
  174 plants
370 creatures vanquished.

Grand Total: 999 creatures vanquished You could see 2 ugly things.

Levels and vault maps discovered:
D:1:      dpeg_arrival_pits, layout_loops_ring, chequers_garden
D:2:      layout_loops_corners, uniq_terence
D:3:      layout_rooms, doesnt_xom_only_xom, minmay_hedge_maze
D:4:      layout_cave_pools, nicolae_qazlal_style_of_elements, enter_ossuary_3,
          hangedman_decor_clover_reticule, chequers_serial_rivers_micro_d
D:5:      layout_basic, serial_shops, shop, shop, shop_coins,
          serial_corexii_hall, chequers_hall_statues_y,
          chequers_hall_statues_corner_a, serial_bayou_pond_e,
          minmay_a_box_with_orc_wizards_in_it
D:6:      layout_basic, grunt_dithmenos_smoke, uniq_crazy_yiuf_cottage,
          uniq_pikel
D:7:      layout_loops_ring, lemuel_round_altar,
          chequers_temple_overflow_minitemple, minmay_temple_entry_tees
D:8:      layout_loops_corners, lair_entry_dummy, minmay_joined_circles
D:9:      layout_long_grid, serial_shops, shop, chequers_big_river,
          kennysheep_boxes
D:10:     layout_gridville, kennysheep_decorative_pillar,
          minmay_protected_statue
D:11:     layout_gridville, gammafunk_ghost_cemetery, nicolae_gozag_seed_capital
D:12:     layout_cave_pods, zombieorc2_lemuel, serial_shops,
          nicolae_shop_waterfront, uniq_frances, uniq_erolcha, uniq_jorgrun
D:13:     layout_basic, uniq_kirke, uniq_sonja
D:14:     layout_basic, erik_vaults_2, minmay_stone_trees_medium, serial_shops,
          kennysheep_mini_moat
Temple:   nicolae_temple_figure_eight
Lair:1:   layout_chaotic_city, minmay_lair_oklob_items, serial_bayou_ford_a,
          infiniplex_staircase_pool_2, grunt_megastairs_5, lemuel_fruit_tree
Lair:2:   layout_loops_ring, guppyfry_lair_drakes
Lair:3:   layout_chaotic_city, minmay_shoals_entry_beasts,
          guppyfry_snake_entry_island, basic_altar, lemuel_fruit_fields
Lair:4:   layout_regular_city, gauntlet_entry_generic
Lair:5:   layout_loops_ring, slime_altar_1, bobbens_ice_dragon_lair,
          grunt_megastairs_2, serial_bayou_shore_a
Lair:6:   minmay_lair_end_frog_pond, layout_cellular_growth,
          gammafunk_lair_bear_cave, uniq_nessos
